 Dungeon Crawl Stone Soup version 0.23.2 (webtiles) character file.

Game seed: 9127679148306663862

139 cklessthan3 the Firebug (level 5, -5/38 HPs)
             Began as a Hill Orc Fire Elementalist on Apr 3, 2019.
             Slain by an iguana (6 damage)
             ... on level 4 of the Dungeon.
             The game lasted 00:10:22 (2654 turns).

cklessthan3 the Firebug (HOFE)                      Turns: 2654, Time: 00:10:23

Health: -5/38      AC: 10    Str:  6 (7)  XL:     5   Next: 22%
Magic:  1/8        EV:  7    Int: 16      God:
Gold:   241        SH:  0    Dex: 10 (11) Spells: 5/8 levels left

rFire    + . .     SeeInvis .   n - +0 quarterstaff
rCold    . . .     Gourm    .   (shield currently unavailable)
rNeg     . . .     Faith    .   i - +4 scale mail {rF+}
rPois    .         Spirit   .   (no helmet)
rElec    .         Reflect  .   (no cloak)
rCorr    .         Harm     .   (no gloves)
MR       .....                  (no boots)
Stlth    ..........             (no amulet)
HPRegen  0.12/turn              o - -4 ring of strength (curse)
MPRegen  0.11/turn              (no ring)

@: very slightly contaminated
A: no striking features
a: no special abilities


You were on level 4 of the Dungeon.
You were not hungry.

You visited 1 branch of the dungeon, and saw 5 of its levels.

You collected 241 gold pieces.

Inventory:

Hand Weapons
 f - a +0 dagger of holy wrath
 h - a +2 hand axe of flaming
 n - a +0 quarterstaff (weapon)
Missiles
 k - 84 stones
 l - 2 tomahawks of returning (quivered)
Armour
 a - a +0 robe
 i - a +4 scale mail of fire resistance (worn)
Jewellery
 o - a cursed -4 ring of strength (left hand)
Scrolls
 b - 3 scrolls of teleportation
 e - a scroll of magic mapping
 j - a scroll of blinking
 m - a scroll of immolation
Potions
 d - a potion of mutation {unknown}
Comestibles
 c - 3 rations


   Skills:
 + Level 0.1 Fighting
 + Level 0.2 Short Blades
 + Level 1.2 Staves
 + Level 1.1 Armour
 + Level 1.6 Dodging
 + Level 1.9 Stealth
 + Level 2.1 Spellcasting
 + Level 2.1 Conjurations
 + Level 4.5 Fire Magic


You had 5 spell levels left.
You knew the following spells:

 Your Spells              Type           Power        Failure   Level  Hunger
a - Flame Tongue          Conj/Fire      ##...        65%         1    #......
b - Throw Flame           Conj/Fire      ##....       78%         2    ###....

Your spell library contained the following spells:

 Spells                   Type           Power        Failure   Level  Hunger
 Conjure Flame            Conj/Fire      ##......     95%         3    ###....
 Inner Flame              Hex/Fire       #.......     99%         3    ###....
 Sticky Flame             Conj/Fire      ##......     100%        4    #####..
 Fireball                 Conj/Fire      ##........   100%        5    ######.


Dungeon Overview and Level Annotations

Branches:
Dungeon (5/15)             Temple (0/1) D:4

Altars:
Fedhas


Message History

Okay, then.
You closely miss the iguana. The iguana completely misses you.
You closely miss the iguana. The iguana closely misses you.
The iguana bites you but does no damage.
You hit the iguana.
The iguana is moderately wounded.
The iguana bites you!
You hit the iguana.
The iguana is heavily wounded.
The iguana bites you.
You hit the iguana.
The iguana is severely wounded.
The iguana bites you!
* * * LOW HITPOINT WARNING * * *
The iguana bites you.
* * * LOW HITPOINT WARNING * * *
You hit the iguana but do no damage.
The iguana is severely wounded.
The iguana bites you.
You die...

#.......########
# # #.#.#.### #
##..#..#.# #
#........# #
#.#####.## #
#.########
#.........
#.######## #@#
#....$l.#
####.##.# .. #.#
.##### #. ..#
...... # ###
##### # # #


You could see an iguana.

Vanquished Creatures
  2 orc wizards (D:4)
  3 adders
  2 oozes
  2 adder skeletons (D:4)
  5 leopard geckos
  3 orcs (D:4)
  2 giant cockroaches
  2 goblins
  4 hobgoblins
  4 jackals (D:4)
  3 ball pythons
  4 bats
  3 frilled lizards
  2 kobolds
  4 rats
45 creatures vanquished.

Vanquished Creatures (others)
  4 fungi (D:3)
4 creatures vanquished.

Grand Total: 49 creatures vanquished

Notes
Turn   | Place    | Note
-------+----------+-------------------------------------------
     0 | D:1      | cklessthan3 the Hill Orc Fire Elementalist began the quest
                  | for the Orb.
     0 | D:1      | Reached XP level 1. HP: 14/14 MP: 3/3
   183 | D:1      | Reached XP level 2. HP: 20/20 MP: 1/4
   546 | D:2      | Reached XP level 3. HP: 26/26 MP: 3/5
   851 | D:2      | Reached skill level 4 in Fire Magic
  1068 | D:2      | You fall through a shaft!
  1222 | D:3      | Found a blossoming altar of Fedhas.
  2013 | D:3      | Reached skill level 1 in Armour
  2015 | D:3      | Reached XP level 4. HP: 29/33 MP: 1/7
  2030 | D:3      | You fall through a shaft for 2 floors!
  2030 | D:5      | Entered Level 5 of the Dungeon
  2142 | D:4      | Learned a level 2 spell: Throw Flame
  2210 | D:4      | Found a staircase to the Ecumenical Temple.
  2236 | D:4      | Reached skill level 1 in Staves
  2236 | D:4      | Reached XP level 5. HP: 10/38 MP: 4/8
  2653 | D:4      | HP: 1/38 [iguana (4)]
  2654 | D:4      | Slain by an iguana

Skill      XL: |  1  2  3  4 |
---------------+-------------+-----
Fire Magic     | 4 |  4.5
Spellcasting   | 2 |  2.1
Armour         | 1 |  1.1
Conjurations   | 2 |  2.1
Staves         | 1 |  1.2
Fighting       | |  0.1
Short Blades   | |  0.2
Dodging        | |  1.6
Stealth        | |  1.9

Action                   |  1- 3 |  4- 6 || total
-------------------------+-------+-------++-------
Melee: Dagger            |    60 |       ||    60
       Quarterstaff      |     3 |    89 ||    92
 Cast: Flame Tongue      |    34 |    11 ||    45
  Use: Scroll            |     6 |     1 ||     7
       Potion            |     1 |       ||     1
 Stab: Sleeping          |     1 |       ||     1
  Eat: Chunk             |     2 |       ||     2
       Ration            |     1 |     1 ||     2
Armor: Robe              |    13 |       ||    13
       Scale mail        |    43 |    76 ||   119
Dodge: Dodged            |    61 |    47 ||   108
